 Dungeon Crawl Stone Soup version 0.28-a0-1510-gd0f6b136d3 (webtiles) character file.

Game seed: 11867849461325901376

281 enile the Skirmisher (level 6, 0/47 HPs)
             Began as a Djinni Wanderer on Jan 15, 2022.
             Was a Priest of Lugonu.
             Killed by miscasting Summon Ice Beast (19 damage)
             ... on level 3 of the Dungeon.
             The game lasted 00:12:34 (5214 turns).

enile the Skirmisher (Djinni Wanderer)              Turns: 5214, Time: 00:12:38

Health: 0/47       AC:  4    Str: 16    XL:     6   Next: 53%
Gold:   15         EV: 27    Int: 14    God:    Lugonu [***...] SH:  0 Dex:  9

rFire   + + .      SeeInvis .   s - +2 dagger (venom)
rCold   x . .      Faith    .   (no shield)
rNeg    . . .      Spirit   .   l - +2 robe "Zikuaco" {Rampage rPois Will-}
rPois   ∞          Reflect  .   (no helmet)
rElec   .          Harm     .   (no cloak)
rCorr   .          Rampage  +   (no gloves)
Will    .....                   (boots unavailable)
Stlth   +.........              i - amulet of the acrobat
HPRegen 0.15/turn               (no ring)
MPRegen 0.00/turn               (no ring)

@: acrobatic, flying, very slightly contaminated
A: sickness immunity, fire resistance 2, cold vulnerability 1, float, innate
caster, hp casting, extra vitality 1
a: Renounce Religion, Depart the Abyss, Bend Space, Banish


You were on level 3 of the Dungeon.
You worshipped Lugonu.
Lugonu was most pleased with you.
You visited 1 branch of the dungeon, and saw 4 of its levels.

You collected 87 gold pieces.
You spent 72 gold pieces at shops.

Inventory:

Hand Weapons
 a - a +0 shortbow
 f - a +0 mace
 s - a +2 dagger of venom (weapon)
Missiles
 b - 55 arrows
 e - 5 javelins (quivered)
 h - 2 throwing nets
 o - 6 silver javelins
Armour
 c - a +0 ring mail
 g - a +0 leather armour
 l - the +2 robe "Zikuaco" (worn) {Rampage rPois Will-}
   (You found it on level 2 of the Dungeon)

   rPois:     It protects you from poison.
   Rampage:   It bestows one free step when moving towards enemies.
   Will:      It decreases your willpower.
Magical Staves
 m - a staff of conjuration
Jewellery
 i - an amulet of the acrobat (around neck)
Wands
 q - a wand of flame (9)
Scrolls
 j - 2 scrolls of identify {unknown}
 n - a scroll of vulnerability {unknown}
 r - 3 scrolls of teleportation
 t - a scroll of amnesia {unknown}
 u - a scroll of enchant armour {unknown}
Potions
 d - a potion of flight {unknown}
 k - 2 potions of curing
 p - a potion of haste {unknown}
 v - a potion of brilliance {unknown}


   Skills:
 + Level 3.7 Fighting
 - Level 1.7 Bows
 - Level 3.1 Armour
 - Level 3.0 Dodging
 - Level 3.0 Spellcasting
 - Level 1.2 Evocations


You couldn't memorise any spells.
You knew the following spells:

 Your Spells              Type           Power      Damage    Failure   Level
a - Summon Small Mammal   Summ           40%        N/A       6%          1
b - Summon Ice Beast      Ice/Summ       10%        N/A       52%         4
c - Call Canine Familiar  Summ           10%        N/A       19%         3
d - Sandblast             Erth           20%        2d7       6%          1
e - Searing Ray           Conj           20%        2d5       10%         2

Your spell library contained the following spells:

 Spells                   Type           Power      Damage    Failure   Level


Dungeon Overview and Level Annotations

Branches:
Dungeon (4/15)
 Temple: D:4-7

Altars:
Vehumet
Lugonu

Shops:
D:2 !   D:3 [=?(


Innate Abilities, Weirdness & Mutations

You are immune to sickness and miasma.
You are immune to poison.
Your flesh is very heat resistant. (rF++)
You are vulnerable to cold. (rC-)
You float through the air rather than walking.
You learn spells naturally, not from books.
Your magical power is your life essence.
You have superior vitality. (+4 MHP)


Message History

Send 'em back where they came from!
Your ice beast shudders.
Your hound disappears in a puff of smoke!
Your ice beast hits the nameless horror but does no damage.
The nameless horror hits your ice beast but does no damage.
Your ice beast hits the nameless horror but does no damage.
The nameless horror hits your ice beast.
Your ice beast hits the nameless horror but does no damage.
The nameless horror hits your ice beast!
Your ice beast hits the nameless horror but does no damage.
Casting: Call Canine Familiar (dangerous; 19% risk of failure)
Confirm with . or Enter, or press ? or * to list all spells.
Send 'em back where they came from!
Your ice beast disappears in a puff of smoke!
Your hound disappears in a puff of smoke!
Casting: Call Canine Familiar (dangerous; 19% risk of failure)
Confirm with . or Enter, or press ? or * to list all spells.
Send 'em back where they came from!
Your hound disappears in a puff of smoke!
The nameless horror completely misses you.
The nameless horror closely misses you.
You reach down and open the door.
The nameless horror hits you but does no damage.
There is an open door here.
Casting: Call Canine Familiar (dangerous; 19% risk of failure)
Confirm with . or Enter, or press ? or * to list all spells.
The nameless horror hits you.
Your hound barely misses the nameless horror.
The nameless horror completely misses you.
Your hound bites the nameless horror.
The nameless horror misses your hound.
Your hound bites the nameless horror but does no damage.
Your hound bites the nameless horror but does no damage.
The nameless horror closely misses your hound.
Casting: Call Canine Familiar (dangerous; 19% risk of failure)
Confirm with . or Enter, or press ? or * to list all spells.
You miscast Summon Ice Beast.
You are very lightly contaminated with residual magic.
You are caught in an explosion of ice and frost!!
You feel a terrible chill!
You die...

####..#.#.########.# #. ##
##.#.#.#.....##.######. .#
#.....+.....'......... .#
##.##.#.....##.####### .#
#.##.#.....##.# .#
#...........#.####### .#
##########..#...X............# .#
#..............h.......#####.# ##
#.########..#@.#####.### #.#
####.# #...#..# #.# #.# #...##
##..#..#####.### #.#
#.#.#.......##.#..........#####.#
#.#.# .._.. #.#..####..#.#..<..#
#...# ..... #.#..####..#.#.###.#
##..## ... #..........#.#.# #.#
##...# ... #....###...#.#.# #.#
#....###.# #....##........# #.#


You could see a nameless horror (ally target) and a friendly hound (summoned).

Vanquished Creatures
  An ice beast (D:4)
  A centaur skeleton (D:4)
  2 adders
  A nameless horror (D:4)
  An adder skeleton (D:4)
  3 worms
  3 dart slugs
  2 orcs
  6 bats
  6 endoplasms
  5 giant cockroaches
  12 goblins
  2 hobgoblins
  13 jackals
  3 quokkas
  7 ball pythons
  5 frilled lizards
  5 kobolds
  5 rats
83 creatures vanquished.

Vanquished Creatures (collateral kills)
  Robin (D:3)
  An adder (D:2)
  A dart slug (D:1)
  An endoplasm (D:1)
  2 giant cockroaches (D:2)
  2 goblins (D:3)
  A hobgoblin (D:3)
  3 jackals (D:3)
  A kobold (D:4)
13 creatures vanquished.

Grand Total: 96 creatures vanquished

Notes
Turn   | Place    | Note
-------+----------+-------------------------------------------
     0 | D:1      | enile the Djinni Wanderer began the quest for the Orb.
     0 | D:1      | Reached XP level 1. HP: 17/17 MP: 0/0
    55 | D:1      | Reached XP level 2. HP: 15/22 MP: 0/0
   344 | D:1      | Reached XP level 3. HP: 28/28 MP: 0/0
   344 | D:1      | Learned a level 1 spell: Sandblast
   887 | D:1      | Reached skill level 1 in Dodging
  1121 | D:2      | Reached XP level 4. HP: 30/33 MP: 0/0
  1543 | D:2      | Found a faded altar of an unknown god.
  1551 | D:2      | Prayed at the altar of an unknown god.
  1551 | D:2      | Became a worshipper of Lugonu the Unformed
  1551 | D:2      | Reached * piety under Lugonu
  1551 | D:2      | Reached ** piety under Lugonu
  1708 | D:2      | Found Vyxe's Distillery.
  1734 | D:2      | Bought a potion of curing for 42 gold pieces
  2289 | D:2      | Identified the +2 robe "Zikuaco" {Rampage rPois Will-}
  2470 | D:3      | Found Yseist's Antique Armour Emporium.
  2697 | D:3      | Noticed Robin
  2701 | D:3      | Reached XP level 5. HP: 32/40 MP: 0/0
  2701 | D:3      | Learned a level 2 spell: Searing Ray
  2704 | D:3      | Noticed a nameless horror
  3187 | D:4      | Noticed an ice beast
  3242 | D:4      | Killed an ice beast
  3243 | D:4      | Reached XP level 6. HP: 23/46 MP: 0/0
  4114 | D:3      | Found Virinyc's Magic Scroll Shoppe.
  4125 | D:3      | Bought a scroll of teleportation for 30 gold pieces
  4253 | D:3      | Killed Robin
  4788 | D:3      | Reached *** piety under Lugonu
  5041 | D:3      | Found Tixuquch's Jewellery Emporium.
  5091 | D:3      | Found Kybles's Antique Weapon Boutique.
  5214 | D:3      | Killed by miscasting Summon Ice Beast

Illustrated notes

Levels and vault maps discovered:
D:1:      nzn_arrival_water_spiral, layout_basic
D:2:      layout_rooms, serial_corexii_hall, corexii_hall_statues_x,
          chequers_hall_statues_y, serial_shops, shop,
          hellmonk_ecumenical_altar_crossroads
D:3:      layout_basic, lemuel_round_altar, grunt_dithmenos_smoke, serial_shops,
          shop, shop, shop, shop, kennysheep_generic_room_2, uniq_robin
D:4:      layout_loops_corners, grunt_decor_mini_mirrors

Skill      XL: |  1  2  3  4  5  6 |
---------------+-------------------+-----
Fighting       | 2 3 |  3.7
Spellcasting   | 2 3 |  3.0
Dodging        | 1 2 3 |  3.0
Bows           | |  1.7
Armour         | |  3.1
Evocations     | |  1.2

Action                   |  1- 3 |  4- 6 || total
-------------------------+-------+-------++-------
Melee: Staff             |       |    37 ||    37
       Mace              |       |    71 ||    71
       Dagger            |       |    32 ||    32
 Fire: Shortbow          |   102 |    58 ||   160
Throw: Javelin           |       |     3 ||     3
 Cast: Summon Small Mamm |     5 |     1 ||     6
       Call Canine Famil |     3 |    17 ||    20
       Summon Ice Beast  |       |     3 ||     3
       Searing Ray       |       |     4 ||     4
Invok: Bend Space        |       |     1 ||     1
  Use: Potion            |       |     1 ||     1
 Stab: Sleeping          |       |     1 ||     1
Armor: Ring mail         |    19 |     2 ||    21
       Robe              |       |    67 ||    67
       Leather armour    |       |     6 ||     6
Dodge: Dodged            |    25 |   172 ||   197

Table legend: (Time is in decaauts)
 A = Elapsed time spent in this place.
 B = Non-inter-level travel time spent in this place.
 C = Inter-level travel time spent in this place.
 D = Time resting spent in this place.
 E = Time spent auto-exploring this place.
 F = Levels seen in this place.
 G = Mean time per level.
                   A        B        C        D        E       F      G
               +--------+--------+--------+--------+--------+-----+--------+
         Total |   5284 |   5239 |     45 |    956 |   3152 |   4 | 1321.0 |
       Dungeon |   5284 |   5239 |     45 |    956 |   3152 |   4 | 1321.0 |
               +--------+--------+--------+--------+--------+-----+--------+

Top non-repeatable levels by time:
     D:3: 1567 daAuts
     D:2: 1356 daAuts
     D:4: 1224 daAuts
     D:1: 1136 daAuts
